 Dungeon Crawl Stone Soup version 0.26-a0-64-g059e62fbdb (webtiles) character file.

Game seed: 8677514320228644162

2245 Apogee the Cleaver (level 9, -4/63 HPs)
             Began as a Human Fighter on June 10, 2020.
             Was an Initiate of Makhleb.
             Slain by an orc warrior
             ... wielding a +0 halberd
              (15 damage)
             ... on level 7 of the Dungeon.
             The game lasted 00:20:24 (8962 turns).

Apogee the Cleaver (Human Fighter)                  Turns: 8962, Time: 00:20:24

Health: -4/63      AC: 12    Str: 20    XL:     9   Next: 63%
Magic:  9/9        EV:  7    Int:  9    God:    Makhleb [......]
Gold:   269        SH:  0    Dex: 12    Spells: 8/8 levels left

rFire    . . .     SeeInvis .   b - +4 short sword (venom)
rCold    + . .     Gourm    .   (no shield)
rNeg     . . .     Faith    .   D - +1 chain mail {MR+}
rPois    .         Spirit   .   (no helmet)
rElec    .         Reflect  .   x - +0 cloak (curse)
rCorr    .         Harm     .   e - +0 pair of gloves
MR       +....                  (no boots)
Stlth    ..........             (no amulet)
HPRegen  0.20/turn              m - ring of protection from cold (curse)
MPRegen  0.11/turn              (no ring)

@: mighty
A: no striking features
a: Renounce Religion


You were on level 7 of the Dungeon.
You worshipped Makhleb.
Makhleb was noncommittal.
You were very hungry.

You visited 2 branches of the dungeon, and saw 8 of its levels.

You collected 269 gold pieces.

Inventory:

Hand Weapons
 a - a +1 war axe
 b - a +4 short sword of venom (weapon)
 v - a +1 mace of holy wrath
 w - a +3 quarterstaff of chaos
 B - a +2 dagger of speed
Missiles
 g - 2 curare-tipped darts
 n - 130 stones
 o - 6 silver javelins (quivered)
 s - 14 poisoned darts
Armour
 c - a +0 kite shield
 e - a +0 pair of gloves (worn)
 x - a cursed +0 cloak (worn)
 D - a +1 chain mail of magic resistance (worn)
Jewellery
 j - an uncursed amulet of magic regeneration
 m - a cursed ring of protection from cold (left hand)
 y - an uncursed ring of positive energy
Wands
 h - a wand of paralysis (7)
 q - a wand of iceblast (9)
 u - a wand of flame (35)
 C - a wand of random effects (14)
Scrolls
 k - 7 scrolls of remove curse
 l - a scroll of magic mapping {unknown}
 t - a scroll of fog {unknown}
 L - 4 scrolls of identify
 M - a scroll of enchant armour {unknown}
Potions
 d - 3 potions of might
 p - a potion of heal wounds {unknown}
 r - 2 potions of invisibility
 z - a potion of lignification {unknown}
 E - 2 potions of mutation {unknown}
 G - a potion of cancellation {unknown}
 H - a potion of resistance {unknown}
 I - a potion of flight
 K - a potion of experience {unknown}
Comestibles
 f - 11 rations


   Skills:
 - Level 3.0 Fighting
 - Level 4.0 Short Blades
 - Level 10.1 Axes
 + Level 3.8 Armour
 - Level 2.0 Stealth
 + Level 5.5 Shields


You had 8 spell levels left.
You didn't know any spells.
Your spell library was empty.

Dungeon Overview and Level Annotations

Branches:
Dungeon (7/15)             Temple (1/1) D:7

Altars:
Ashenzari
Dithmenos
Elyvilon
Gozag
Hepliaklqana
Kikubaaqudgha
Makhleb
Nemelex Xobeh
Qazlal
Ru
Sif Muna
Trog
Uskayaw
Vehumet
Wu Jian
Xom
Zin
The Shining One

Shops:
D:5 ?

Annotations:
D:2 2 transporters


Message History

The orc warrior is moderately wounded.
The orc warrior closely misses you. The orc hits you but does no damage.
The orc warrior hits you from afar with a +0 halberd!
* * * LOW HITPOINT WARNING * * *
Things that are here:
a +0 dagger; a +0 robe You puncture the orc!
You kill the orc!
Makhleb accepts your kill. The orc warrior barely misses you.
You feel very mighty all of a sudden.
The orc warrior hits you but does no damage.
You hit the orc warrior.
The orc warrior is heavily wounded.
The orc warrior hits you with a +0 halberd!
* * * LOW HITPOINT WARNING * * *
Your chain mail prevents you from hitting the orc warrior.
The orc warrior is heavily wounded.
The orc warrior hits you with a +0 halberd!
You die...

#....##........####.#####.....
.....####....######..)..).....
.......#.....####.#......#.<..
..............................
.....####.........#..##..........
.#..###...........##.#...........
###..##...........##.............
##...#............##.#.###......[
.....#..#.......@###.#.## .....
.......#....###..o))....## ...##.
.....####..###....###.#..##......
..##...#....#.....###.##.........
...# #....#.......##.......#.....
.### . #.##.....###.....###... ##
####....##.#......#.... #
#......#......#...... ..
.....###...##...#......


You could see an orc warrior.

Vanquished Creatures
  Pikel (D:3)
  Grinder (D:6)
  Eustachio (D:5)
  Duvessa (D:4)
  An ogre (D:5)
  A centaur (D:6)
  A bullfrog (D:7)
  Blork the orc (D:4)
  A scorpion (D:5)
  Dowan (D:4)
  A howler monkey (D:7)
  A bullfrog zombie (D:5)
  A jelly (D:7)
  4 orc priests
  4 hounds
  Crazy Yiuf (D:6)
  A bullfrog skeleton (D:4)
  Ijyb (D:4)
  A worker ant (D:4)
  2 iguanas (D:7)
  7 orc wizards
  A hound skeleton (D:4)
  A worker ant zombie (D:5)
  4 adders
  9 gnolls
  2 oozes
  An adder zombie (D:5)
  2 adder skeletons
  A worm (D:5)
  4 leopard geckos
  27 orcs
  6 giant cockroaches
  6 goblins
  5 hobgoblins
  11 jackals
  7 kobolds
  7 quokkas
  2 ball pythons
  7 bats
  9 frilled lizards
  2 quokka skeletons
  11 rats
159 creatures vanquished.

Vanquished Creatures (others)
  Sigmund (D:4)
1 creature vanquished.

Grand Total: 160 creatures vanquished

Notes
Turn   | Place    | Note
-------+----------+-------------------------------------------
     0 | D:1      | Apogee the Human Fighter began the quest for the Orb.
     0 | D:1      | Reached XP level 1. HP: 18/18 MP: 1/1
    69 | D:1      | You fall into a shaft and drop 1 floor!
   150 | D:1      | Reached XP level 2. HP: 15/24 MP: 2/2
   407 | D:1      | Reached skill level 3 in Axes
   439 | D:1      | Reached XP level 3. HP: 10/29 MP: 3/3
   442 | D:1      | Reached skill level 1 in Stealth
  1261 | D:2      | Reached XP level 4. HP: 34/35 MP: 4/4
  1369 | D:2      | Found a transporter.
  1397 | D:2      | Found a transporter.
  1403 | D:2      | Noticed a big kobold
  1406 | D:2      | Found an opulent altar of Gozag.
  2017 | D:3      | Reached skill level 4 in Axes
  2106 | D:3      | Reached XP level 5. HP: 31/41 MP: 5/5
  2335 | D:3      | Reached skill level 5 in Axes
  3186 | D:3      | Found an ancient bone altar of Kikubaaqudgha.
  3204 | D:3      | Reached XP level 6. HP: 47/47 MP: 6/6
  3369 | D:3      | You fall into a shaft and drop 3 floors!
  3395 | D:6      | Noticed Grinder
  3397 | D:6      | Paralysed by Grinder for 4 turns
  3407 | D:6      | Paralysed by Grinder for 4 turns
  3433 | D:6      | Killed Grinder
  3433 | D:6      | Reached skill level 6 in Axes
  3433 | D:6      | Reached XP level 7. HP: 21/52 MP: 7/7
  3641 | D:6      | Reached skill level 7 in Axes
  3670 | D:5      | Entered Level 5 of the Dungeon
  4014 | D:4      | Noticed Blork the orc
  4045 | D:4      | Killed Blork the orc
  4730 | D:4      | Reached skill level 1 in Short Blades
  4902 | D:4      | Noticed Ijyb
  4935 | D:4      | Killed Ijyb
  4935 | D:4      | Reached skill level 8 in Axes
  4935 | D:4      | Reached XP level 8. HP: 51/58 MP: 8/8
  4993 | D:4      | Noticed Sigmund
  4999 | D:4      | Noticed Pikel
  5052 | D:3      | Killed Pikel
  5329 | D:4      | Killed Sigmund
  5818 | D:4      | Noticed Duvessa
  5824 | D:4      | Noticed Dowan
  5858 | D:4      | Killed Dowan
  5858 | D:4      | Reached skill level 9 in Axes
  5865 | D:4      | Killed Duvessa
  6350 | D:5      | Reached XP level 9. HP: 59/63 MP: 9/9
  6551 | D:5      | Noticed Eustachio
  6558 | D:5      | Killed Eustachio
  6719 | D:5      | Found a shimmering blue altar of Sif Muna.
  6832 | D:5      | Found a sacrificial altar of Ru.
  6969 | D:5      | Found Lomeeh's Magic Scroll Shop.
  7222 | D:6      | Reached skill level 10 in Axes
  7746 | D:6      | Found a sparkling altar of Nemelex Xobeh.
  7902 | D:6      | Found a runed translucent door.
  7903 | D:6      | Noticed Crazy Yiuf
  7926 | D:6      | Killed Crazy Yiuf
  8042 | D:6      | Reached skill level 5 in Shields
  8450 | D:7      | Found a staircase to the Ecumenical Temple.
  8470 | Temple   | Entered the Ecumenical Temple
  8677 | Temple   | Became a worshipper of Makhleb the Destroyer
  8803 | D:7      | Found a shadowy altar of Dithmenos.
  8804 | D:7      | Found a hazy altar of Hepliaklqana.
  8962 | D:7      | Slain by an orc warrior

Illustrated notes

Levels and vault maps discovered:
D:1:      minmay_arrival_checkered_box, layout_loops_ring
D:2:      layout_basic, gammafunk_temple_overflow_arena
D:3:      layout_basic, old_standard_altar, first_ration
D:4:      cheibrodos_old_hovel, layout_basic, uniq_blork_the_orc, uniq_pikel,
          uniq_ijyb, uniq_sigmund, uniq_duvessa
D:5:      layout_loops_cross, nicolae_overflow_crystal_walls, serial_shops,
          shop, nicolae_ru_the_path_less_chosen, uniq_eustachio
D:6:      layout_cave_pools, nemelex_xobeh_ov_fountains_minmay,
          chequers_ossuary_entry_cave, dk_noncrumbling_4, uniq_grinder,
          uniq_crazy_yiuf_cottage
D:7:      layout_cave_pools, riverfiend_overflow_shadow_ancestor,
          cheibrodos_worm_habitat, minmay_temple_entry_butterflies,
          grunt_ogre_cave
Temple:   minmay_temple_curvy_loop

Skill      XL: |  1  2  3  4  5  6  7  8  9 |
---------------+----------------------------+-----
Axes           | 3 4 5 6 8 9 10 | 10.1
Stealth        | 1 2 |  2.0
Short Blades   | 1 4 |  4.0
Shields        | 5 |  5.5
Fighting       | |  3.0
Armour         | |  3.8

Action                   |  1- 3 |  4- 6 |  7- 9 || total
-------------------------+-------+-------+-------++-------
Melee: War axe           |    49 |       |       ||    49
       Short sword       |    42 |    95 |   334 ||   471
Throw: Dart              |       |       |     2 ||     2
       Javelin           |       |       |     1 ||     1
Evoke: Wand              |       |       |     1 ||     1
  Use: Scroll            |     1 |     4 |     1 ||     6
       Potion            |       |     5 |     2 ||     7
  Eat: Chunk             |     1 |     7 |    13 ||    21
       Ration            |       |       |     1 ||     1
Armor: Scale mail        |    46 |    37 |     4 ||    87
       Chain mail        |       |       |   195 ||   195
Dodge: Dodged            |    60 |    36 |   125 ||   221

Table legend:
 A = Non-vault XP
 B = Vault XP
 C = Vault XP percentage of total XP
 D = Non-vault monster count
 E = Vault monster count
 F = Vault count percentage of total count
                 A         B        C        D         E       F
            +---------+---------+-------+---------+---------+-------
      Total |    1741 |    1467 |  45.7 |     151 |       8 |   5.0
            +---------+---------+-------+---------+---------+-------
        D:1 |      59 |       0 |   0.0 |      31 |       0 |   0.0
        D:2 |      23 |       0 |   0.0 |      16 |       0 |   0.0
        D:3 |     189 |     641 |  77.2 |      24 |       1 |   4.0
        D:4 |     279 |     345 |  55.3 |      27 |       4 |  12.9
        D:5 |     327 |     182 |  35.8 |      17 |       1 |   5.6
        D:6 |     503 |     299 |  37.3 |      26 |       2 |   7.1
        D:7 |     361 |       0 |   0.0 |      10 |       0 |   0.0
            +---------+---------+-------+---------+---------+-------
